 Dungeon Crawl Stone Soup version 0.16-a0-3933-g06ce5c0 (webtiles) character file.

37 abixa the Stinger (level 3, 28/28 HPs)
             Began as a Naga Venom Mage on Feb 5, 2015.
             Was an Initiate of Cheibriados.
             Starved to death
             ... while paralysed
             ... on level 2 of the Dungeon.
             The game lasted 00:06:12 (1666 turns).

abixa the Stinger (Naga Venom Mage)                 Turns: 1666, Time: 00:06:12

Health: 28/28      AC:  4    Str: 11    XL:     3   Next: 39%
Magic:  6/6        EV:  1    Int: 16    God:    Cheibriados [......]
Gold:   93         SH:  0    Dex: 13    Spells: 1 memorised, 5 levels left

rFire  + . .     SeeInvis +     g - +0 falchion (curse)
rCold  . . .     Clarity  .     q - +0 ring mail {rF+}
rNeg   . . .     SustAb   .     (no shield)
rPois  +         Gourm    .     (no helmet)
rElec  .         Spirit   .     k - +0 cloak
rCorr  .         Warding  .     (no gloves)
rMut   .         Stasis   .     (no barding)
MR     .....                    (no amulet)
Stlth  ++........               (no ring)
                                (no ring)

@: paralysed, starving, very slow, not resistant to hostile enchantments,
unstealthy
A: spit poison, see invisible, deformed body, poison resistance, slowness 2, AC
+1
a: Spit Poison, Bend Time, Renounce Religion


You were on level 2 of the Dungeon.
You worshipped Cheibriados.
Cheibriados was noncommittal.
You were starving.

You visited 1 branch of the dungeon, and saw 2 of its levels.

You collected 93 gold pieces.

Inventory:

Hand weapons
 d - a +0 mace
 g - a cursed +0 falchion (weapon)
 i - a cursed -2 spear
Missiles
 e - 20 sling bullets
 h - 6 poisoned needles
 l - 53 arrows
 m - 14 bolts
 p - 22 stones (quivered)
Armour
 a - a +0 robe
 k - a +0 cloak (worn)
 q - a +0 ring mail of fire resistance (worn)
Scrolls
 f - a scroll of fear {unknown}
 n - a scroll of enchant armour {unknown}
 o - a scroll of noise {unknown}
Potions
 j - a potion of haste {unknown}
Books
 b - a Young Poisoner's Handbook

   Spells                             Type                      Level
   a - Sting                          Conjuration/Poison           1
   b - Cure Poison                    Poison                       2
   c - Mephitic Cloud                 Conjuration/Poison/Air       3
   d - Olgreb's Toxic Radiance        Poison                       4
   e - Venom Bolt                     Conjuration/Poison           5
Comestibles
 c - 3 bread rations


   Skills:
 - Level 1.5 Dodging
 - Level 3.0 Stealth
 - Level 2.0 Spellcasting
 + Level 6.8 Poison Magic


You had 5 spell levels left.
You knew the following spells:

 Your Spells              Type           Power        Failure   Level  Hunger
a - Sting                 Conj/Pois      ##..         14%         1    #......


Dungeon Overview and Level Annotations

Branches:
Dungeon (2/15)

Altars:
Cheibriados
Nemelex Xobeh


Innate Abilities, Weirdness & Mutations

You cannot wear boots.
You can spit poison.
Your serpentine skin is tough (AC +1).
You have supernaturally acute eyesight.
Armour fits poorly on your strangely shaped body.
Your system is resistant to poisons.
You cover ground very slowly.


Message History

The bat hits you but does no damage. x2
The bat closely misses you.
Found a stone staircase leading up.
You closely miss the bat. The bat hits you but does no damage.
You slash the bat!
You kill the bat!
Cheibriados thoroughly appreciates the change of pace.
There is a stone staircase leading up here.
You lose consciousness!
You can move again.
(D) Dungeon
Where to? (Enter - D:2 @ (x,y), ? - help)
You lose consciousness!
You can move again.
Unknown command.
(D) Dungeon
Where to? (Enter - D:2 @ (x,y), ? - help)
You lose consciousness!
You have starved to death.
You die...

#. #.......###########...
#.# #.................#.##
#.####.......#########.#.#
##............# #.#.#
##...###.......# #.#.##
####.....###.#.#### #.#...
.............#.# #.####
###.....#####.#### #.#
##...## #@##.#########.####
##.#######.#.#........#.....
#......##..###.#####.......
######.##.## ##....###..###
#.###.###.#........#
##########.#
##.#..#...###.##
#..........# ##.#.##.## #.#
#.########## #.#.##.# #<#
#.# #.#.##.####.####


There were no monsters in sight!

Vanquished Creatures
  A worm (D:1)
  A ball python (D:1)
  7 bats
  2 giant cockroaches (D:1)
  7 goblins
  A hobgoblin (D:1)
  2 kobolds (D:2)
  3 giant newts (D:1)
  5 rats
29 creatures vanquished.

Notes
Turn   | Place    | Note
--------------------------------------------------------------
     0 | D:1      | abixa, the Naga Venom Mage, began the quest for the Orb.
     0 | D:1      | Reached XP level 1. HP: 15/15 MP: 3/3
   250 | D:1      | Found a sparkling altar of Nemelex Xobeh.
   323 | D:1      | Reached XP level 2. HP: 22/22 MP: 2/4
   427 | D:1      | You fall through a shaft!
   484 | D:1      | Reached skill level 6 in Poison Magic
  1031 | D:1      | Reached XP level 3. HP: 19/28 MP: 0/6
  1442 | D:2      | Found a snail-covered altar of Cheibriados.
  1466 | D:2      | Became a worshipper of Cheibriados the Contemplative
  1666 | D:2      | Starved to death

Action                   || total
-------------------------++-------
Melee: Unarmed           ||     4
       Mace              ||     5
       Falchion          ||    62
 Cast: Sting             ||    26
 Abil: Spit Poison       ||     1
 Stab: Sleeping          ||     1
